 Dungeon Crawl Stone Soup version 0.29-a0-330-g52719c12eb (webtiles) character file.

Game seed: 13779458924681529891

428 Anon1729 the Skirmisher (level 6, -12/43 HPs)
             Began as a Mummy Monk on May 15, 2022.
             Was an Elder of Hepliaklqana.
             Mangled by an ogre
             ... wielding a +0 giant spiked club
              (22 damage)
             ... on level 5 of the Dungeon.
             The game lasted 00:04:40 (4428 turns).

Anon1729 the Skirmisher (Mummy Monk)                Turns: 4428, Time: 00:04:41

Health: -12/43     AC:  2    Str: 14    XL:     6   Next: 65%
Magic:  0/11       EV: 13    Int: 12    God:    Hepliaklqana [****..]
Gold:   139        SH:  0    Dex: 14    Spells: 10/12 levels left

rFire   x . .      SeeInvis .   a - +0 short sword
rCold   + . .      Faith    .   (no shield)
rNeg    + + +      Spirit   +   b - +0 robe
rPois   ∞          Reflect  .   (no helmet)
rElec   .          Harm     .   (no cloak)
rCorr   .          Rampage  .   (no gloves)
Will    .....                   (no boots)
Stlth   ++........              h - amulet of guardian spirit
HPRegen 0.14/turn               (no ring)
MPRegen 0.12/turn               (no ring)

@: very slightly contaminated
A: reduced essence, cold resistance 1, negative energy resistance 3, torment
resistance 2, heat vulnerability 1, in touch with death 1, no potions
a: Renounce Religion, Recall Ancestor, Ancestor Identity, Transference, Idealise


You were on level 5 of the Dungeon.
You worshipped Hepliaklqana.
Hepliaklqana was greatly pleased with you.
You visited 1 branch of the dungeon, and saw 5 of its levels.

You collected 139 gold pieces.

Inventory:

Hand Weapons
 a - a +0 short sword (weapon)
Armour
 b - a +0 robe (worn)
Jewellery
 c - an amulet of magic regeneration
 h - an amulet of guardian spirit (around neck)
 i - a +6 ring of strength
Wands
 f - a wand of flame (21)
 j - a wand of iceblast (13)
Scrolls
 d - a scroll of amnesia {unknown}
 g - a scroll of fog
 k - 2 scrolls of immolation {unknown}
 l - a scroll of enchant armour {unknown}


   Skills:
 + Level 3.9 Fighting
 + Level 3.2 Short Blades
 + Level 3.1 Dodging
 + Level 2.7 Stealth
 * Level 3.8 Spellcasting
 * Level 2.7 Hexes


You had 10 spell levels left.
You knew the following spells:

 Your Spells              Type           Power      Damage    Failure   Level
a - Ensorcelled Hibernat  Hex/Ice        10%        N/A       19%         2

Your spell library contained the following spells:

 Spells                   Type           Power      Damage    Failure   Level
 Anguish                  Hex/Necr       4%         N/A       77%         4
 Olgreb's Toxic Radiance  Pois           2%         N/A       92%         4
 Ozocubu's Refrigeration  Ice            1%         4d5       100%        7
 Summon Hydra             Summ           1%         N/A       100%        7
 Ignition                 Fire           1%         3d3       100%        8
 Chain Lightning          Conj/Air       1%         3d1       100%        9
 Fire Storm               Conj/Fire      1%         7d1       100%        9
 Shatter                  Erth           1%         3d5*      100%        9
 Sublimation of Blood     Necr           Unusable   N/A       N/A         2
 Wereblood                Tmut           Unusable   N/A       N/A         2
 Spider Form              Tmut/Pois      Unusable   N/A       N/A         3

Dungeon Overview and Level Annotations

Branches:
Dungeon (5/15)             Temple (0/1) D:5

Altars:
Ashenzari
Fedhas
Hepliaklqana
Nemelex Xobeh
Vehumet

Shops:
D:1 (

Annotations:
D:4 2 runed translucent doors, exclusion: downstairs, Athor's ghost, amateur OpBr


Innate Abilities, Weirdness & Mutations

Your life essence is reduced to manifest your ancestor. (-10% HP)
You are immune to poison.
Your flesh is cold resistant. (rC+)
You are immune to negative energy. (rN+++)
You are immune to unholy pain and torment.
You are vulnerable to heat. (rF-)
You are in touch with the powers of death.
You do not drink.


Message History

An ogre comes into view. It is wielding a +0 giant spiked club.
Nkonkoni casts a spell at the phantom.
The phantom resists with almost no effort.
The phantom hits Nkonkoni.
The phantom blinks!
Nkonkoni blinks!
Nkonkoni misses the phantom.
Nkonkoni hits the phantom with a +0 dagger of draining.
There is a stone staircase leading up here.
Casting: Ensorcelled Hibernation (safe; 19% risk of failure)
Confirm with . or Enter, or press ? or * to list all spells.
Aiming: Ensorcelled Hibernation (safe; 19% risk of failure)
Press: ? - help, Shift-Dir - straight line, f - ogre
Aim: an ogre, wielding a +0 giant spiked club (chance to affect: 38%)
You miscast Ensorcelled Hibernation.
You are very lightly contaminated with residual magic.
Nothing appears to happen.
The ogre closely misses you.
Casting: Ensorcelled Hibernation (safe; 19% risk of failure)
Confirm with . or Enter, or press ? or * to list all spells.
Aiming: Ensorcelled Hibernation (safe; 19% risk of failure)
Press: ? - help, Shift-Dir - straight line, f/p - ogre
Aim: an ogre, wielding a +0 giant spiked club (chance to affect: 38%)
The ogre looks drowsy...
The helpless ogre fails to defend itself.
You puncture the ogre!
The ogre is heavily wounded.
The ogre misses you.
Something hits Nkonkoni.
Nkonkoni blinks!
You barely miss the ogre.
The ogre is heavily wounded.
You hit the ogre.
The ogre is heavily wounded.
The ogre hits you with a +0 giant spiked club!!!
Ouch! That really hurt!
* * * LOW HITPOINT WARNING * * *
You hear an angry hiss.
Nkonkoni is recalled.
An adder comes into view.
The ogre hits you with a +0 giant spiked club!!
Ouch! That really hurt!
You die...

#####.# #....#.# #
..#.###....#.#
#.###.#........#.#
........8⌠.#...#.#
##
#...>...?...$.##.#
S. #.#...8⌠.>....
##.###.#..WR.....#
#......#...8⌠......
#....R@#......##.##
#.###..O......# #
#.##......... ...
###.###.... ##..
?..# .... ..# ##.#
.... ### .. .. #.#
.#


You could see the friendly Nkonkoni the hexer, an ogre (ally target) and an
adder.

Vanquished Creatures
  Natasha (twice) (D:2)
  An orc wizard (D:4)
  4 adders
  4 dart slugs
  6 endoplasms
  A giant cockroach (D:1)
  11 goblins
  4 hobgoblins
  5 quokkas
  4 ball pythons
  4 bats
  3 frilled lizards
  5 kobolds
  3 rats
57 creatures vanquished.

Vanquished Creatures (collateral kills)
  An ice beast (D:5)
  A centaur (D:5)
  An orc priest (D:4)
  Natasha (D:2)
  Robin (D:2)
  A worm (D:2)
  An orc (D:4)
  A bat (D:2)
  An endoplasm (D:1)
  A giant cockroach (D:3)
  6 goblins
  A hobgoblin (D:3)
  A kobold (D:1)
  A ball python (D:4)
  A frilled lizard (D:1)
20 creatures vanquished.

Vanquished Creatures (others)
  A hexer (D:5)
  A plant (D:3)
2 creatures vanquished.

Grand Total: 79 creatures vanquished

Notes
Turn   | Place    | Note
-------+----------+-------------------------------------------
     0 | D:1      | Anon1729 the Mummy Monk began the quest for the Orb.
     0 | D:1      | Reached XP level 1. HP: 18/18 MP: 1/1
    69 | D:1      | Found Zessid's Weapon Emporium.
   148 | D:1      | Reached XP level 2. HP: 19/24 MP: 2/2
   216 | D:1      | Found a faded altar of an unknown god.
   229 | D:1      | Prayed at the altar of an unknown god.
   229 | D:1      | Became a worshipper of Hepliaklqana the Forgotten
   229 | D:1      | Reached * piety under Hepliaklqana
   229 | D:1      | Reached ** piety under Hepliaklqana
   230 | D:1      | Remembered your ancestor Nkonkoni as a hexer
   548 | D:1      | Reached skill level 1 in Spellcasting
  1035 | D:2      | Noticed Natasha
  1039 | D:2      | Gained mutation: You are in touch with the powers of death.
                  | [Mummy growth]
  1039 | D:2      | Reached XP level 3. HP: 23/26 MP: 4/4
  1044 | D:2      | Killed Natasha
  1045 | D:2      | Reached skill level 1 in Hexes
  1053 | D:2      | Noticed Robin
  1060 | D:2      | Reached XP level 4. HP: 15/31 MP: 6/6
  1328 | D:2      | Killed Robin
  1391 | D:2      | Noticed Natasha
  1397 | D:2      | Killed Natasha
  1529 | D:2      | Reached *** piety under Hepliaklqana
  1693 | D:2      | Noticed Natasha
  1750 | D:2      | Killed Natasha
  1751 | D:2      | Reached XP level 5. HP: 31/36 MP: 8/8
  2446 | D:2      | Learned a level 2 spell: Ensorcelled Hibernation
  2560 | D:3      | Found a broken altar of Ashenzari.
  2697 | D:3      | Identified the +1 robe "Neblarie" {-Tele Rampage Dex+4}
  2940 | D:3      | Found a blossoming altar of Fedhas.
  3478 | D:4      | Reached **** piety under Hepliaklqana
  3621 | D:4      | Found a sparkling altar of Nemelex Xobeh.
  3795 | D:4      | Found a large runed translucent door.
  3795 | D:4      | Found a large runed translucent door.
  3796 | D:4      | Noticed Athor's ghost (amateur OpBr)
  3902 | D:4      | Found a radiant altar of Vehumet.
  4304 | D:5      | Entered Level 5 of the Dungeon
  4307 | D:5      | Noticed a centaur
  4311 | D:5      | Noticed an ice beast
  4315 | D:5      | Killed a centaur
  4316 | D:5      | Reached XP level 6. HP: 41/43 MP: 7/11
  4318 | D:5      | Killed an ice beast
  4366 | D:5      | Noticed a two-headed ogre
  4406 | D:5      | Found a staircase to the Ecumenical Temple.
  4428 | D:5      | Mangled by an ogre

Illustrated notes

Levels and vault maps discovered:
D:1:      denvon_arrival_planthouse, layout_rooms, serial_shops, shop_statue,
          ebering_ecumenical_altar_webs
D:2:      minmay_diamond_boxcup, layout_loops_ring, roderic_serpentine_path,
          uniq_natasha, uniq_robin
D:3:      layout_rooms, fedhas_altar_1, mainiacjoe_overflow_small_starburst,
          serial_bayou_pond_c
D:4:      layout_loops_corners, nicolae_vehumet_altar_sigil,
          nemelex_diamond_rough_becter, ebering_ghost_disaster_area
D:5:      layout_basic, mainiacjoe_overflow_catwalk,
          minmay_temple_entry_drinking_statues, gammafunk_ghost_grave,
          ebering_dispersal_statue_hall, uniq_sigmund, uniq_pikel,
          uniq_crazy_yiuf_cottage

Skill      XL: |  1  2  3  4  5 |
---------------+----------------+-----
Spellcasting   | 1 2 3 |  3.8
Stealth        | 2 |  2.7
Hexes          | 1 2 |  2.7
Short Blades   | 3 |  3.2
Dodging        | 3 |  3.1
Fighting       | |  3.9

Action                   |  1- 3 |  4- 6 || total
-------------------------+-------+-------++-------
Melee: Short sword       |    82 |   142 ||   224
 Cast: Ensorcelled Hiber |       |     1 ||     1
Invok: Ancestor Life: He |     1 |       ||     1
       Recall Ancestor   |       |     2 ||     2
  Use: Scroll            |       |     3 ||     3
 Stab: Sleeping          |     4 |     6 ||    10
       Confused          |     1 |     3 ||     4
       Distracted        |       |     1 ||     1
Armor: Robe              |    13 |    10 ||    23
Dodge: Dodged            |    45 |    90 ||   135

Table legend: (Time is in decaauts)
 A = Elapsed time spent in this place.
 B = Non-inter-level travel time spent in this place.
 C = Inter-level travel time spent in this place.
 D = Time resting spent in this place.
 E = Time spent auto-exploring this place.
 F = Levels seen in this place.
 G = Mean time per level.
                   A        B        C        D        E       F      G
               +--------+--------+--------+--------+--------+-----+--------+
         Total |   4422 |   4215 |    207 |    197 |   3387 |   5 |  884.4 |
       Dungeon |   4422 |   4215 |    207 |    197 |   3387 |   5 |  884.4 |
               +--------+--------+--------+--------+--------+-----+--------+

Top non-repeatable levels by time:
     D:2: 1528 daAuts
     D:4: 1209 daAuts
     D:1: 1000 daAuts
     D:3: 573 daAuts
     D:5: 110 daAuts
